 Dungeon Crawl Stone Soup version 0.31.0-9-g3a7656b989 (webtiles) character file.

Game seed: 15150783953342643927

890182 Turgor the Skinwalker (level 27, -32/380 HPs)
             Began as a Troll Shapeshifter on Jan 23, 2024.
             Was the Champion of Jiyva.
             Blown up by Kepierr the pandemonium lord (123 damage)
             ... with a mindburst bolt
             ... in Pandemonium on Jan 24, 2024.
             The game lasted 07:53:53 (62184 turns).

Turgor the Skinwalker (Troll Shapeshifter)         Turns: 62184, Time: 07:53:54

Health: -32/380    AC: 37    Str: 41    XL:     27
Magic:  31/31      EV: 25    Int:  6    God:    Jiyva [******]
Gold:   7326       SH: 20    Dex: 23    Spells: 26/26 levels left

rFire   + .          .
                       - Unarmed
rCold   + + +        S - +5 kite shield {rC+ rF+}
rNeg    + . .        O - melded +4 gold dragon scales of the Spheres {rElec rPois rF+ rC+ Will+}
rPois   ∞            i - +2 hood of the Assassin {Detect Stab+ Stlth++}
rElec   +            m - scarf "Haofet" {rC+ rF+, rCorr Str+3}
rCorr   +            (gloves unavailable)
SInv    +            (boots unavailable)
Will    +....        Q - amulet "Uber" {+Blink rElec rF- Regen+ Slay+5}
Stlth   +++++++      T - ring "Syits" {MP+9 Dex+6}
HPRegen 4.03/turn    a - ring of the Open Hand {rPois rC+ rCorr SInv}
MPRegen 1.02/turn

%: no passive effects
@: about to teleport, statue-form, weak-willed, fragile (+50% incoming damage),
studying 4 skills, very slow
A: slow and powerful, torment resistance 1, boosted hp, large, unfitting armour,
claws 3, regeneration 1, (shaggy fur 1), (tough skin 1), horns 1, thin skeletal
structure 3, mutation resistance 1, teleportitis 1, acidic bite
}: 9/15 runes: serpentine, barnacled, slimy, silver, abyssal, demonic, glowing,
magical, fiery
a: Begin Untransformation, Renounce Religion, Evoke Blink, Oozemancy, Slimify


You were in Pandemonium.
You worshipped Jiyva.
Jiyva was exalted by your worship.
You were a living statue of rough stone.
You visited 12 branches of the dungeon, and saw 52 of its levels.
You visited Pandemonium 2 times, and saw 20 of its levels.
You visited the Abyss 1 time.
You also visited: Sewer, Ossuary, Bailey, Gauntlet, Volcano and Wizlab.

You collected 24924 gold pieces.
You spent 11080 gold pieces at shops.
You paid 6518 gold pieces to Gozag.

Inventory:

Hand Weapons
 d - a +0 sacred scourge of holy wrath
Missiles
 c - 10 silver javelins
 x - 11 curare-tipped darts
 U - 97 large rocks (quivered)
Armour
 b - a +1 tower shield of reflection
 i - the +2 hood of the Assassin (worn) {Detect Stab+ Stlth++}
   (You found it in a volcano)

   Detect:    It allows the wearer to sense nearby creatures.
   Stab+:     It allows the wearer to make particularly effective stabbing
   attacks against helpless or unaware enemies with any weapon.
   Stlth++:   It makes you much more stealthy.
 m - the scarf "Haofet" (worn) {rC+ rF+, rCorr Str+3}
   (You found it on level 1 of the Crypt)

   Str+3:     It affects your strength (+3).
   rCorr:     It protects you from acid and corrosion.
 w - a +2 troll leather armour
 O - the +4 gold dragon scales of the Spheres (melded) {rElec rPois rF+ rC+ Will+}
   (You found it on level 5 of the Pits of Slime)

   rF+:       It protects you from fire.
   rC+:       It protects you from cold.
   rElec:     It insulates you from electricity.
   rPois:     It protects you from poison Will+: It increases your willpower.
 S - a +5 kite shield of resistance (worn)
Jewellery
 a - the ring of the Open Hand (right claw) {rPois rC+ rCorr SInv}
   (You found it in a Gauntlet)

   [ring of protection from cold]

   rC+:       It protects you from cold.
   rPois:     It protects you from poison SInv: It lets you see invisible.
   rCorr:     It protects you from acid and corrosion.
 j - the amulet "Ureujeach" {Reflect rPois Will+ Dex-4 SH+5}
   (You found it in a Gauntlet)

   [amulet of reflection]

   Reflect:   It reflects blocked missile attacks.
   Dex-4:     It affects your dexterity (-4).
   rPois:     It protects you from poison Will+: It increases your willpower.
   SH+5:      It affects your SH (+5).
 Q - the amulet "Uber" (around neck) {+Blink rElec rF- Regen+ Slay+5}
   (You acquired it on level 9 of the Dungeon)

   [amulet of regeneration]

   Slay+5:    It affects your accuracy & damage with ranged weapons and melee
   (+5).
   rF-:       It makes you vulnerable to fire.
   rElec:     It insulates you from electricity.
   +Blink:    It lets you blink.
   Regen+:    It increases your rate of health regeneration.
 R - the ring of Poeqej {*Corrode rF+ Will++ Int+5}
   (You found it on level 5 of the Vaults)

   [ring of protection from fire]

   Int+5:     It affects your intelligence (+5).
   rF+:       It protects you from fire.
   Will++:    It greatly increases your willpower.
   *Corrode:  It may corrode you when you take damage.
 T - the ring "Syits" (left claw) {MP+9 Dex+6}
   (You found it on level 10 of the Dungeon)

   [ring of dexterity]

   Dex+6:     It affects your dexterity (+6).
   MP+9:      It affects your magic capacity (+9).
Talismans
 E - a granite talisman (active)
 I - a talisman of death
 N - a dragon-blood talisman
Wands
 l - a wand of digging (28)
 F - a wand of charming (19)
 K - a wand of quicksilver (5)
 L - a wand of iceblast (35)
 V - a wand of polymorph (21)
Scrolls
 e - 10 scrolls of fog
 g - 6 scrolls of revelation
 h - a scroll of summoning
 n - 3 scrolls of silence
 o - 13 scrolls of teleportation
 y - 9 scrolls of enchant armour
 A - 6 scrolls of blinking
 B - 4 scrolls of torment
 G - 10 scrolls of immolation
 H - 8 scrolls of noise
 M - 6 scrolls of vulnerability
 X - 3 scrolls of fear
Potions
 k - 3 potions of enlightenment
 s - 13 potions of haste
 t - 20 potions of curing
 u - 6 potions of ambrosia
 z - 5 potions of cancellation
 C - 21 potions of attraction
 D - 3 potions of mutation
 J - 10 potions of resistance
 P - 5 potions of berserk rage
 Y - 17 potions of heal wounds
Miscellaneous
 f - a phial of floods
 p - a phantom mirror
 q - a condenser vane
 W - a box of beasts
 Z - a lightning rod (4/4)


   Skills:
 + Level 20.6 Fighting
 - Level 21.0 Throwing
 * Level 16.9 Armour
 - Level 20.1 Dodging
 - Level 15.0 Shields
 - Level 21.0 Unarmed Combat
 - Level 10.0 Evocations
 - Level 23.0 Shapeshifting


You had 26 spell levels left.
You didn't know any spells.
Your spell library contained the following spells:

 Spells                   Type           Power      Damage    Failure   Level
 Apportation              Tloc           0%         N/A       54%         1
 Foxfire                  Conj/Fire      0%         2x1d4     54%         1
 Kiss of Death            Conj/Necr      0%         2d5       54%         1
 Magic Dart               Conj           0%         1d3       54%         1
 Necrotise                Necr           0%         1d4       54%         1
 Sandblast                Erth           0%         2d4       54%         1
 Shock                    Conj/Air       0%         1d3       54%         1
 Sting                    Conj/Alch      0%         1d3       54%         1
 Summon Small Mammal      Summ           0%         N/A       54%         1
 Blink                    Tloc           0%         N/A       67%         2
 Call Imp                 Summ           0%         N/A       67%         2
 Cigotuvi's Dreadful Rot  Necr/Alch/Air  0%         N/A       67%         2
 Ensorcelled Hibernation  Hex/Ice        0%         N/A       67%         2
 Jinxbite                 Hex            0%         N/A       67%         2
 Mercury Vapours          Alch/Air       0%         N/A       67%         2
 Call Canine Familiar     Summ           0%         N/A       88%         3
 Confusing Touch          Hex            0%         N/A       88%         3
 Dazzling Flash           Conj/Hex       0%         N/A       88%         3
 Frozen Ramparts          Ice            0%         1d1       88%         3
 Fugue of the Fallen      Necr           0%         N/A       88%         3
 Inner Flame              Hex/Fire       0%         N/A       88%         3
 Mephitic Cloud           Conj/Alch/Air  0%         N/A       88%         3
 Ozocubu's Armour         Ice            0%         N/A       88%         3
 Passwall                 Erth           0%         N/A       88%         3
 Summon Ice Beast         Ice/Summ       0%         N/A       88%         3
 Swiftness                Air            0%         N/A       88%         3
 Tukima's Dance           Hex            0%         N/A       88%         3
 Volatile Blastmotes      Fire/Tloc      0%         2d10      88%         3
 Airstrike                Air            0%         2d(0-16)  99%         4
 Anguish                  Hex/Necr       0%         N/A       99%         4
 Animate Dead             Necr           0%         N/A       99%         4
 Brom's Barrelling Bould  Conj/Erth      0%         2d3       99%         4
 Cause Fear               Hex            0%         N/A       99%         4
 Dimensional Bullseye     Hex/Tloc       0%         N/A       99%         4
 Dispel Undead            Necr           0%         3d6       99%         4
 Flame Wave               Conj/Fire      0%         2d4       99%         4
 Ignite Poison            Fire/Alch      0%         N/A       99%         4
 Iskenderun's Mystic Bla  Conj/Tloc      0%         2d3       99%         4
 Leda's Liquefaction      Alch/Erth      0%         N/A       99%         4
 Martyr's Knell           Necr/Summ      0%         N/A       99%         4
 Olgreb's Toxic Radiance  Alch           0%         N/A       99%         4
 Passage of Golubria      Tloc           0%         N/A       99%         4
 Petrify                  Alch/Erth      0%         N/A       99%         4
 Summon Blazeheart Golem  Fire/Summ      0%         N/A       99%         4
 Alistair's Intoxication  Alch           0%         N/A       100%        5
 Borgnjor's Vile Clutch   Necr/Erth      0%         N/A       100%        5
 Fireball                 Conj/Fire      0%         3d3       100%        5
 Freezing Cloud           Conj/Ice/Air   0%         6-21      100%        5
 Irradiate                Conj/Alch      0%         3d11      100%        5
 Iskenderun's Battlesphe  Conj           0%         2d6       100%        5
 Metabolic Englaciation   Hex/Ice        0%         N/A       100%        5
 Silence                  Hex/Air        0%         N/A       100%        5
 Summon Mana Viper        Hex/Summ       0%         N/A       100%        5
 Bombard                  Conj/Erth      0%         9d1       100%        6
 Conjure Ball Lightning   Conj/Air       0%         3x3d6     100%        6
 Death Channel            Necr           0%         N/A       100%        6
 Plasma Beam              Fire/Air       0%         2x1d10    100%        6
 Sculpt Simulacrum        Ice/Alch       0%         N/A       100%        6
 Starburst                Conj/Fire      0%         6d3       100%        6
 Enfeeble                 Hex            0%         N/A       100%        7
 Haunt                    Necr/Summ      0%         N/A       100%        7
 Monstrous Menagerie      Summ           0%         N/A       100%        7
 Orb of Destruction       Conj           0%         9d5       100%        7
 Ozocubu's Refrigeration  Ice            0%         4d7       100%        7
 Spellforged Servitor     Conj/Summ      0%         N/A       100%        7
 Borgnjor's Revivificati  Necr           0%         N/A       100%        8
 Discord                  Hex            0%         N/A       100%        8
 Ignition                 Fire           0%         3d3       100%        8
 Infestation              Necr           0%         N/A       100%        8
 Lehudib's Crystal Spear  Conj/Erth      0%         10d2      100%        8
 Maxwell's Capacitive Co  Air            0%         ∞         100%        8
 Death's Door             Necr           0%         N/A       100%        9
 Polar Vortex             Ice            0%         N/A       100%        9
 Shatter                  Erth           0%         3d5*      100%        9


Dungeon Overview and Level Annotations

Branches:
Dungeon (15/15)            Temple (1/1) D:5            Lair (5/5) D:8
 Shoals (4/4) Lair:3        Snake (4/4) Lair:3        Slime (5/5) Lair:5
    Orc (2/2) D:11            Elf (3/3) Orc:2        Vaults (5/5) D:13
  Crypt (3/3) Vaults:3       Tomb (0/3) Crypt:3      Depths (4/4) D:15
   Hell (visited)             Dis (0/7) Hell            Geh (0/7) Hell
    Coc (0/7) Hell            Tar (0/7) Hell            Zot (0/5) Depths:4
  Sewer (visited)         Ossuary (visited)          Bailey (visited)
Volcano (visited)          WizLab (visited)         Gauntlet (visited)

Altars:
Ashenzari
Cheibriados
Dithmenos
Elyvilon
Fedhas
Gozag
Hepliaklqana
Kikubaaqudgha
Makhleb
Nemelex Xobeh
Okawaru
Qazlal
Ru
Sif Muna
Trog
Uskayaw
Vehumet
Wu Jian
Xom
Yredelemnul
Zin
The Shining One
Jiyva
Lugonu

Shops:
D:5 (   D:8 [   Orc:2 !(?*!!**   Elf:1 =   Lair:1 ?==!*   Shoals:3 :
Snake:2 =(   Vaults:3 !   Vaults:4 (   Depths:1 =::[?

Portals:
Hell: Depths:1 Depths:2 Depths:3 Depths:4
Abyss: Depths:1 Depths:3 Depths:4
Pandemonium: Depths:1 Depths:2
Ziggurat: Depths:4

Annotations:
Slime:5 Royal Jelly


Innate Abilities, Weirdness & Mutations

You are a living statue of rough stone.
Your actions are slow, but your melee attacks are powerful.
You are resistant to unholy torment.
Your maximum health is greatly increased.
Your equipment is partially melded.
You are too large for most types of armour.
You are immune to poison.
You have claws for hands.
Your natural rate of healing is unusually fast.
((You are covered in fur. (AC +1)))
((You have tough skin. (AC +1)))
You have a pair of small horns on your head.
You have an unnaturally thin skeletal structure. (Dex +6, Stealth+++)
You are somewhat resistant to further mutation.
You are occasionally teleported next to monsters.
You have acidic saliva.


Message History

The cacodemon hits you but does no damage.
The cacodemon completely misses you. The Ice Fiend gestures at you.
The bolt of cold hits the soul eater.
The soul eater resists.
The bolt of cold hits you but does no damage.
You resist. The cacodemon misses you. The cacodemon hits you!!
Unknown command.
You eviscerate the cacodemon!!!!
You kill the cacodemon!
You block the sixfirhy's attack. x3; The sixfirhy barely misses you. x2
The sixfirhy misses you.
Kepierr blinks!
The soul eater hits you. The cacodemon gestures at you.
Your body becomes as fragile as glass!
The smoke demon gestures at you. Something smites you!
Unknown command.
You eviscerate the cacodemon!!! You headbutt the cacodemon.
Your bite misses the cacodemon.
The cacodemon is heavily wounded.
The sixfirhy hits you but does no damage.
You block the soul eater's attack. The smoke demon gestures at you.
The ball of steam hits the sixfirhy!
The sixfirhy resists.
The ball of steam misses you. You block the cacodemon's attack.
The cacodemon completely misses you.
The Ice Fiend calls on the powers of darkness!
Your body is wracked with pain!
* * * LOW HITPOINT WARNING * * *
Unknown command.
As you read the scroll of teleportation, it crumbles to dust.
You feel strangely unstable. The smoke demon gestures at you.
Something smites you!
* * * LOW HITPOINT WARNING * * *
Kepierr gestures.
The sixfirhy completely misses you. You block the soul eater's attack.
You block the cacodemon's attack. x2
Kepierr gestures at you.
Your mind is blasted!
You die...

#########.....
#............. #. ..
+.........|... . #.'
#....(......###. .2..,
#.........^.#...,.{...
#...∩.......##.##2....
#...........##13§3.#
#..........[##333.#..#
#.......?.....823....#
#............#)3..##.#
############.*.&..+
#..#...# .###*.*# .#
#.... ## ##.... .....


You could see Kepierr, an Ice Fiend (agile), a cacodemon (resistant), a soul
eater (resistant), 2 sixfirhies, 4 smoke demons and 3 ball lightnings.

Vanquished Creatures
  Cerebov (Pan)
  Dissolution (Slime:2)
  Lom Lobon (Pan)
  Mnoleg (Pan)
  A dread lich (Vaults:5)
  Mennas (Pan)
  Josephina (Crypt:1)
  10 pandemonium lords (Pan)
  Vashnia (Snake:2)
  Geryon (Hell)
  Nikola (Snake:2)
  A golden dragon (Vaults:5)
  Jory (Crypt:3)
  7 bone dragons
  2 profane servitors
  3 Tzitzimimeh (Pan)
  2 hellephants
  6 Brimstone Fiends (Pan)
  2 doom hounds (Crypt:1)
  4 Hell Sentinels
  Jorgrun (Snake:1)
  Zenata (Vaults:3)
  Rupert (D:15)
  7 tentacled monstrosities
  6 liches
  6 titans
  8 Ice Fiends (Pan)
  Murray (Depths:2)
  5 deep elf blademasters
  25 Executioners
  A sphinx (Vaults:3)
  2 walking frostbound tomes (Pan)
  2 deep elf master archers (Elf:3)
  A quicksilver dragon (Depths:1)
  27 tentacled starspawn
  An ancient champion (Crypt:3)
  A kraken (Shoals:2)
  5 acid blobs (Slime:5)
  2 storm dragons
  An eldritch tentacle (Pan)
  Agnes (Snake:2)
  5 shadow dragons
  4 revenants
  6 protean progenitors (Pan)
  4 nagarajas
  7 tengu reavers
  An azure jelly (Slime:5)
  17 demonspawn warmongers (Pan)
  The ghost of Amaterasu the Fighter, a journeyman DrAl of Gozag (Shoals:1)
  4 fire giants
  2 iron dragons
  3 rockslimes
  6 frost giants
  A draconian scorcher (Depths:4)
  5 deep elf elementalists
  26 vault wardens
  2 ghost moths (Abyss:4)
  30 balrugs
  A draconian stormcaller (Depths:4)
  7 deep elf sorcerers
  2 juggernaut zombies
  20 reapers
  A curse skull (Crypt:1)
  10 ghouls
  7 formless jellyfish
  2 draconian annihilators
  6 quicksilver oozes
  17 demonspawn corrupters (Pan)
  34 cacodemons
  15 very ugly things
  2 juggernaut skeletons
  12 demonspawn blood saints (Pan)
  23 ironbound preservers
  The ghost of Amac the Carver, a journeyman DsFi of Hepliaklqana (Elf:1)
  13 stone giants
  11 vampire knights
  12 deep elf demonologists
  2 black draconians (Depths:4)
  A green draconian (Abyss:3)
  14 ironbound thunderhulks
  16 lorocyprocas
  8 deep elf death magi
  14 demonspawn black suns (Pan)
  14 deep elf annihilators
  7 dire elephants
  5 war gargoyles
  2 purple draconians (Depths:4)
  A red draconian (Depths:4)
  A yellow draconian (Depths:4)
  A white draconian (Depths:4)
  A minotaur (Gauntlet)
  12 green deaths
  An orange crystal statue (WizLab)
  5 eidola
  32 blizzard demons
  A mummy priest (Pan)
  5 merfolk impalers
  8 merfolk javelineers
  14 ettins
  10 yaktaur captains
  5 entropy weavers
  A spectral spriggan (Crypt:1)
  6 ice dragons
  22 jiangshi
  7 fire dragons
  6 deep elf high priests
  5 spriggan zombies
  3 salamander tyrants (Snake:4)
  11 great orbs of eyes
  A peacekeeper (Vaults:2)
  A caustic shrike simulacrum (Crypt:1)
  33 vault guards
  11 rakshasas
  2 spriggan air magi
  5 hell beasts
  Erolcha (D:9)
  5 jorogumos (Pan)
  9 ironbound frosthearts
  2 spriggan skeletons (Crypt:1)
  2 boulder beetles
  An ogre mage (Vaults:5)
  3 alligator snapping turtles
  8 centaur warriors
  7 anacondas
  A catoblepas (Lair:5)
  The ghost of Domino the Cleaver, a novice MiFi of Qazlal (D:8)
  3 hydras
  25 dancing weapons
  10 merfolk aquamancers
  A two-headed ogre (D:12)
  5 deep troll shamans
  3 satyrs
  A fenstrider witch skeleton (Crypt:1)
  2 hell hogs
  4 deep troll earth magi
  19 naga warriors
  6 orc high priests
  An Orb Guardian skeleton (Crypt:1)
  8 demonic crawlers (Pan)
  4 death knights
  9 tengu warriors
  A titan zombie (Crypt:1)
  7 vampire magi
  14 naga sharpshooters
  9 occultists
  2 spriggan berserkers (Depths:1)
  82 sun demons
  35 hell knights
  30 thrashing horrors
  14 deep elf knights
  3 spectral nagas (Crypt:1)
  20 wretched stars
  A spriggan (Depths:1)
  12 shock serpents
  31 soul eaters
  7 salamander mystics
  5 shadow wraiths
  A storm dragon skeleton (Crypt:1)
  14 skeletal warriors
  7 skysharks
  31 sixfirhies
  2 titan skeletons
  A death drake (Abyss:4)
  8 iron trolls
  4 spatial maelstroms
  2 bunyip zombies
  A spark wasp zombie (Hell)
  6 sea snakes
  A golden dragon zombie (Hell)
  2 glowing orange brains
  A deep troll (shapeshifter) (Vaults:5)
  6 sun moths
  27 shadow demons
  77 deep trolls
  2 swamp dragons (Abyss:4)
  4 flayed ghosts
  Pikel (D:4)
  A spectral anaconda (Crypt:1)
  6 naga ritualists
  10 deep elf archers
  10 phantasmal warriors
  6 arcanists
  A mana viper (shapeshifter) (Depths:2)
  8 mana vipers
  2 tengu zombies (Hell)
  13 ironbound convokers
  2 bog bodies (Crypt:1)
  18 necromancers
  36 harpies
  An iron dragon zombie (Hell)
  5 fire giant zombies
  34 deep elf pyromancers
  A spriggan simulacrum (Crypt:1)
  16 fauns
  82 large abominations
  9 lindwurms
  27 deep elf zephyrmancers
  A stone giant zombie (Hell)
  3 orc knights
  8 cyclopes
  7 orc sorcerers
  A will-o-the-wisp (Abyss:4)
  4 wolf spiders
  A shadow dragon skeleton (Crypt:1)
  14 salamanders
  A jorogumo skeleton (Crypt:1)
  A faun (shapeshifter) (Vaults:5)
  3 shining eyes
  5 worldbinders
  3 frost giant zombies (Hell)
  4 human zombies
  25 ugly things
  2 spectral centaurs (Crypt:1)
  2 moths of wrath (Pan)
  5 toenail golems (Volcano)
  9 manticores
  7 merfolk sirens
  15 elephants
  4 Executioner simulacra (Pan)
  15 vault sentinels
  8 rust devils
  5 ice statues (Pan)
  29 black mambas
  A black mamba (shapeshifter) (Abyss:4)
  A kobold blastminer (Orc:2)
  2 dire elephant zombies
  A yaktaur zombie (Vaults:3)
  4 guardian serpents
  19 naga magi
  A fire giant skeleton (Vaults:3)
  8 apocalypse crabs
  A titan simulacrum (Crypt:1)
  2 eyes of devastation (Slime:3)
  28 orange demons
  A centaur skeleton (D:15)
  4 naga zombies
  42 smoke demons
  8 water nymphs
  2 gargoyles
  18 cane toads
  A steelbarb worm zombie (Crypt:2)
  7 hellions
  An unseen horror zombie (Crypt:1)
  Maggie (D:9)
  7 efreet
  An orb spider zombie (Crypt:2)
  41 yaktaurs
  3 rime drakes
  15 freezing wraiths
  2 kobold demonologists (Pan)
  5 komodo dragons
  2 unseen horrors
  6 tengu conjurers
  7 red devils (Pan)
  16 tormentors
  9 ice devils
  A death yak skeleton (Crypt:1)
  20 merfolk
  10 ancient zymes
  A queen bee (shapeshifter) (D:13)
  A spectral harpy (Crypt:1)
  2 hornets
  8 trolls
  27 hellwings
  33 raiju
  21 blink frogs
  A harpy zombie (Crypt:1)
  2 glass eyes
  A raiju (shapeshifter) (Elf:2)
  Prince Ribbit (D:7)
  A harpy skeleton (Crypt:1)
  2 tyrant leeches (Pan)
  12 wind drakes
  6 snapping turtles
  4 dream sheep
  2 ettin zombies (Hell)
  63 slime creatures
  2 ettin skeletons
  A black mamba zombie (Crypt:1)
  A fire giant simulacrum (Depths:3)
  12 shadows
  2 dire elephant simulacra
  17 water elementals
  3 naga simulacra
  10 fire bats
  7 centaur simulacra
  An elf skeleton (Vaults:3)
  3 vampires
  4 basilisks
  170 starcursed masses
  11 air elementals
  47 ynoxinuls
  13 wraiths
  4 humans (Volcano)
  47 yaks
  12 wyverns
  2 golden eyes (Slime:3)
  3 fire elementals
  22 redbacks
  A warg (Orc:1)
  19 neqoxecs
  8 vampire mosquitoes
  29 nagas
  31 chaos spawn
  11 spatial vortices
  A swamp worm (shapeshifter) (Abyss:4)
  A glowing shapeshifter zombie (Vaults:3)
  A merfolk zombie (Crypt:2)
  13 hell hounds
  17 water moccasins
  A human simulacrum (Vaults:3)
  A naga skeleton (Crypt:1)
  21 laughing skulls
  9 orc warriors
  An ettin simulacrum (Hell)
  2 sky beasts (D:7)
  5 ice beasts
  A black mamba simulacrum (Crypt:1)
  4 ogres
  21 wolves
  15 centaurs
  4 lemures (D:4)
  A phantom (D:11)
  9 weeping skulls
  4 kobold brigands
  13 bullfrogs
  A gnoll sergeant (D:13)
  4 brain worms
  7 necrophages
  7 earth elementals
  5 scorpions
  31 small abominations
  10 wights
  A human skeleton (Vaults:1)
  5 burial acolytes
  3 troll zombies (D:11)
  10 vampire bats (Bailey)
  6 killer bees (D:10)
  7 electric eels
  3 howler monkeys
  A yak skeleton (Crypt:1)
  5 wolf zombies (Bailey)
  8 crimson imps (D:6)
  3 quasits (Abyss:3)
  8 centaur zombies
  9 jellies
  2 hounds
  A bombardier beetle (D:5)
  12 orc priests
  5 iron imps
  3 iguanas (D:6)
  Natasha (thrice) (D:4)
  Terence (D:3)
  4 hell rats (Hell)
  20 orc wizards
  3 sleepcaps
  A scorpion zombie (Crypt:2)
  3 ogre zombies (D:11)
  A hound zombie (Crypt:2)
  2 mummies
  8 adders
  8 gnolls
  A howler monkey skeleton (Crypt:2)
  A swamp drake zombie (Crypt:1)
  5 river rats (Sewer)
  A steam dragon skeleton (Crypt:2)
  8 white imps
  3 ufetubi
  A ribbon worm (D:4)
  3 dart slugs
  47 orcs
  7 endoplasms
  6 giant cockroaches
  2 gnoll zombies (D:11)
  11 goblins
  5 hobgoblins
  16 jackals
  8 kobolds
  7 quokkas
  18 ball pythons
  2 bats
  4 frilled lizards
  14 gnoll skeletons
  4 kobold skeletons (Ossuary)
  9 orc skeletons
  35 orc zombies
  5 rats
  4 aspiring fleshes (Pan)
  A ball lightning (Pan)
  2 lurking horrors
  10 starspawn tentacles
  4 tentacles (Shoals:2)
3428 creatures vanquished.

Vanquished Creatures (collateral kills)
  A deep elf blademaster (Elf:2)
  Aizul (Snake:2)
  A merfolk javelineer (Shoals:4)
  2 hydras (Lair:5)
  A dancing weapon (Elf:2)
  2 orc high priests (Orc:2)
  A mana viper (Snake:2)
  2 deep trolls (Vaults:3)
  An arcanist (Vaults:2)
  An orc knight (Orc:2)
  An ugly thing (Vaults:2)
  An orc sorcerer (Orc:2)
  A kobold blastminer (Orc:2)
  A naga mage (Snake:2)
  A hornet (Lair:5)
  A wind drake (Shoals:4)
  A blink frog (Lair:5)
  A wyvern (Lair:5)
  2 nagas (Snake:2)
  2 water moccasins (Lair:5)
  2 orc priests (Orc:2)
27 creatures vanquished.

Vanquished Creatures (others)
  A tentacled monstrosity (Pan)
  A walking frostbound tome (Pan)
  An eldritch tentacle (Pan)
  A draconian annihilator (Pan)
  3 demonspawn blood saints (Pan)
  A deep elf demonologist (Elf:3)
  A green draconian (Depths:4)
  A deep elf annihilator (Pan)
  3 blizzard demons (Pan)
  A green death (Pan)
  3 rakshasas
  6 great orbs of eyes
  A jorogumo (Pan)
  A merfolk avatar (Shoals:4)
  A naga warrior (Snake:3)
  An occultist (Depths:3)
  A deep troll (Depths:4)
  A naga ritualist (Snake:4)
  9 glowing orange brains
  An arcanist (D:14)
  2 deep elf pyromancers (Elf:1)
  2 deep elf zephyrmancers
  A necromancer (Depths:4)
  A shining eye (Abyss:4)
  2 large abominations
  A black mamba (shapeshifter) (Vaults:5)
  2 smoke demons
  A cane toad (Lair:5)
  A vault sentinel (Vaults:2)
  A rime drake (shapeshifter) (Abyss:4)
  An unseen horror (D:12)
  2 hellwings (Pan)
  A queen bee (shapeshifter) (Depths:1)
  5 raiju
  2 spriggans (Depths:3)
  A shadow (D:9)
  A human (Volcano)
  A ynoxinul (Pan)
  13 golden eyes
  A wyvern (shapeshifter) (Vaults:5)
  A yak (Lair:5)
  A fire elemental (Elf:1)
  4 neqoxecs (Pan)
  A warg (shapeshifter) (Elf:1)
  A naga (Snake:2)
  A laughing skull (Crypt:3)
  A small abomination (Abyss:3)
  270 jellies
  A starcursed mass (Abyss:3)
  2 hell rats (Hell)
  2 white imps
  8 ball lightnings (Pan)
  A creeping inferno (Hell)
  2 lurking horrors
  51 starspawn tentacles
  2 tentacles (Shoals:2)
430 creatures vanquished.

Grand Total: 3885 creatures vanquished

Notes
Turn   | Place    | Note
-------+----------+-------------------------------------------
     0 | D:1      | Turgor the Troll Shapeshifter began the quest for the Orb.
     0 | D:1      | Reached XP level 1. HP: 18/18 MP: 0/0
    74 | D:1      | Reached skill level 1 in Fighting
    92 | D:1      | Reached XP level 2. HP: 27/27 MP: 1/1
   694 | D:1      | Reached XP level 3. HP: 33/33 MP: 2/2
  1076 | D:2      | Reached XP level 4. HP: 27/41 MP: 3/3
  1083 | D:2      | Reached skill level 4 in Shapeshifting
  1659 | D:3      | Noticed Terence
  1665 | D:3      | Killed Terence
  2183 | D:4      | Noticed a scorpion
  2192 | D:4      | Killed a scorpion
  2193 | D:4      | Reached XP level 5. HP: 49/49 MP: 4/4
  2197 | D:4      | Noticed a lemure
  2223 | D:4      | Killed a lemure
  2252 | D:4      | Noticed a lemure
  2257 | D:4      | Noticed a lemure
  2258 | D:4      | Noticed a lemure
  2258 | D:4      | Noticed Pikel
  2298 | D:4      | Killed a lemure
  2324 | D:4      | Reached XP level 6. HP: 43/59 MP: 5/5
  2348 | D:4      | Found a glowing drain.
  2352 | Sewer    | Entered a sewer
  2415 | Sewer    | Reached skill level 5 in Shapeshifting
  2637 | Sewer    | Reached XP level 7. HP: 67/67 MP: 6/6
  2948 | Sewer    | Reached skill level 5 in Unarmed Combat
  2948 | Sewer    | Reached skill level 6 in Shapeshifting
  3147 | D:4      | Killed Pikel
  3148 | D:4      | Reached skill level 7 in Shapeshifting
  3148 | D:4      | Reached XP level 8. HP: 68/78 MP: 7/7
  3401 | D:4      | Noticed Natasha
  3407 | D:4      | Killed Natasha
  3492 | D:4      | Noticed Natasha
  3498 | D:4      | Killed Natasha
  3553 | D:4      | Noticed Natasha
  3565 | D:4      | Killed Natasha
  3624 | D:5      | Entered Level 5 of the Dungeon
  3727 | D:5      | Found an iron altar of Okawaru.
  4279 | D:5      | Found Qanayda's Antique Weapon Boutique.
  4315 | D:5      | Found a staircase to the Ecumenical Temple.
  4319 | Temple   | Entered the Ecumenical Temple
  4327 | Temple   | Became a worshipper of Gozag Ym Sagoz the Greedy
  4682 | D:6      | Reached skill level 8 in Shapeshifting
  4686 | D:6      | Reached XP level 9. HP: 73/85 MP: 8/8
  5276 | D:6      | Reached skill level 5 in Fighting
  5443 | D:7      | Noticed Prince Ribbit
  5455 | D:7      | Found a sand-covered staircase.
  5465 | Ossuary  | Entered an ossuary
  5730 | D:7      | Killed Prince Ribbit
  5731 | D:7      | Reached skill level 9 in Shapeshifting
  5759 | D:7      | Found a flagged portal.
  5789 | Bailey   | Entered a bailey
  6093 | Bailey   | Noticed a gargoyle
  6106 | Bailey   | Killed a gargoyle
  6107 | Bailey   | Reached XP level 10. HP: 27/98 MP: 9/9
  6216 | Bailey   | Identified the +1 robe "Poest" {*Slow rF- rN+++ Dex+5}
  7606 | D:8      | Reached skill level 10 in Shapeshifting
  7674 | D:8      | Found a runed translucent gate.
  7675 | D:8      | Noticed Domino's ghost (novice MiFi)
  7675 | D:8      | Found a runed translucent gate.
  7676 | D:8      | Found a runed translucent gate.
  7677 | D:8      | Identified the +0 chain mail of Anarchy {rPois Regen+}
  7857 | D:8      | Found Mimorr's Antique Armour Shoppe.
  8163 | D:8      | Found a staircase to the Lair.
  8522 | D:8      | Killed Domino's ghost
  8523 | D:8      | Reached skill level 5 in Dodging
  8523 | D:8      | Reached skill level 1 in Evocations
  8959 | D:9      | Identified 2 scrolls of acquirement
  8959 | D:9      | Acquired the amulet "Uber" {+Blink rElec rF- Regen+ Slay+5}
  9038 | D:9      | Reached XP level 11. HP: 95/107 MP: 10/10
  9058 | D:9      | Reached XP level 12. HP: 63/115 MP: 11/11
  9182 | D:9      | Noticed Erolcha
  9208 | D:9      | Killed Erolcha
  9390 | D:9      | Noticed Maggie
  9402 | D:9      | Killed Maggie
  9525 | D:9      | Found a shimmering altar of Xom.
  9534 | D:9      | Found a glowing golden altar of the Shining One.
  9573 | D:10     | Entered Level 10 of the Dungeon
  9797 | D:10     | Found a sacrificial altar of Ru.
 10195 | D:10     | Got the Volume of Axaxaxas mlö
 10212 | D:10     | Got the Parchment of Sand
 10261 | D:10     | Got Lehudib's Tome of Plaster Cramp
 10291 | D:10     | Identified the ring "Syits" {MP+9 Dex+6}
 10521 | D:10     | Found a shimmering blue altar of Sif Muna.
 11007 | D:11     | Found a staircase to the Orcish Mines.
 11453 | D:11     | Reached skill level 11 in Shapeshifting
 11634 | D:11     | Identified the +6 scale mail of Indomitability {Dex+2}
 11742 | D:12     | Noticed a two-headed ogre
 11989 | D:12     | Reached skill level 1 in Throwing
 12162 | D:12     | Reached XP level 13. HP: 98/126 MP: 12/12
 12765 | Lair:1   | Entered Level 1 of the Lair of Beasts
 12858 | Lair:1   | Found a gate leading to a gauntlet.
 12900 | Gauntlet | Entered a Gauntlet
 12900 | Gauntlet | Found a transporter.
 12903 | Gauntlet | Found a transporter.
 12907 | Gauntlet | Found a transporter.
 12912 | Gauntlet | Found a transporter.
 12922 | Gauntlet | Found a transporter.
 12923 | Gauntlet | Found a transporter.
 12928 | Gauntlet | Found a transporter.
 12935 | Gauntlet | Found a transporter.
 12939 | Gauntlet | Found a transporter.
 12944 | Gauntlet | Found a transporter.
 12951 | Gauntlet | Found a transporter.
 12955 | Gauntlet | Found a transporter.
 12957 | Gauntlet | Noticed a dire elephant
 12960 | Gauntlet | Found a transporter.
 12968 | Gauntlet | Found a transporter.
 13098 | Gauntlet | Identified the ring of the Open Hand {rPois rC+ rCorr SInv}
 13179 | Gauntlet | Identified the amulet "Ureujeach" {Reflect rPois Will+
                  | Dex-4 SH+5}
 13186 | Gauntlet | Reached skill level 10 in Unarmed Combat
 13192 | Gauntlet | Killed a dire elephant
 13199 | Gauntlet | Reached XP level 14. HP: 101/137 MP: 13/13
 13248 | Gauntlet | Identified the +2 ring mail of the Voracious God {^Contam
                  | rPois Regen+}
 13264 | Lair:1   | Acquired the +6 kite shield of Decompression {+Inv Will+}
 15134 | Lair:2   | Reached skill level 10 in Evocations
 15267 | Lair:2   | Reached skill level 12 in Shapeshifting
 15789 | Lair:3   | Found a staircase to the Shoals.
 15975 | Lair:3   | Found a staircase to the Snake Pit.
 16777 | Lair:4   | Reached XP level 15. HP: 121/148 MP: 14/14
 17396 | Lair:5   | Entered Level 5 of the Lair of Beasts
 17521 | Lair:5   | Found a dark tunnel.
 17550 | Volcano  | Entered a volcano
 17665 | Volcano  | Reached skill level 13 in Shapeshifting
 17691 | Volcano  | Reached skill level 10 in Dodging
 17734 | Volcano  | Found the +2 hood of the Assassin {Detect Stab+ Stlth++}
 17959 | Lair:5   | Found a staircase to the Slime Pits.
 18094 | Lair:5   | Reached skill level 10 in Fighting
 19670 | Orc:1    | Entered Level 1 of the Orcish Mines
 19865 | Orc:2    | Entered Level 2 of the Orcish Mines
 19867 | Orc:2    | Found Otzacah's Assorted Antiques.
 19901 | Orc:2    | Bought the +5 Storm Queen's Shield {shock, Fly rElec} for
                  | 1504 gold pieces
 19901 | Orc:2    | Found the +5 Storm Queen's Shield {shock, Fly rElec}
 19901 | Orc:2    | Bought a scroll labelled MEOBRU ZELU for 33 gold pieces
 19901 | Orc:2    | Bought a scroll labelled ARHUSHYOWK for 33 gold pieces
 19901 | Orc:2    | Bought a shiny fluorescent wand for 132 gold pieces
 19901 | Orc:2    | Bought a scroll labelled DOMEFUOGRY for 33 gold pieces
 19982 | Orc:2    | Found Pusion's Mass Market.
 20211 | Orc:2    | Reached skill level 1 in Shields
 20276 | Orc:2    | Found a staircase to the Elven Halls.
 20457 | Orc:2    | Found Bihanolu's Distillery.
 20606 | Orc:2    | Reached skill level 14 in Shapeshifting
 20774 | Orc:2    | Found Vasav's Antique Weapon Emporium.
 20789 | Orc:2    | Found Fedwikla's Distillery.
 20791 | Orc:2    | Bought a potion of heal wounds for 60 gold pieces
 20791 | Orc:2    | Bought a potion of heal wounds for 60 gold pieces
 20791 | Orc:2    | Bought a potion of heal wounds for 60 gold pieces
 20794 | Orc:2    | Bought a potion of heal wounds for 65 gold pieces
 20794 | Orc:2    | Bought a potion of haste for 130 gold pieces
 20794 | Orc:2    | Bought a potion of heal wounds for 65 gold pieces
 20794 | Orc:2    | Bought a potion of heal wounds for 65 gold pieces
 20794 | Orc:2    | Bought a potion of curing for 39 gold pieces
 20794 | Orc:2    | Bought a potion of curing for 39 gold pieces
 20794 | Orc:2    | Bought a potion of heal wounds for 65 gold pieces
 20796 | Orc:2    | Found Olirietz's Distillery.
 20805 | Orc:2    | Bought a potion of berserk rage for 60 gold pieces
 20851 | Orc:2    | Bought a scroll of poison for 48 gold pieces
 20851 | Orc:2    | Bought a scroll of fear for 48 gold pieces
 20851 | Orc:2    | Bought a scroll of fog for 48 gold pieces
 20853 | Orc:2    | Bought a condenser vane for 1120 gold pieces
 20853 | Orc:2    | Bought a lightning rod (4/4) for 1120 gold pieces
 20884 | D:11     | Acquired 1102 gold pieces
 21402 | D:13     | Reached skill level 5 in Shields
 21406 | D:13     | Reached XP level 16. HP: 158/158 MP: 15/15
 21419 | D:13     | Found a gate to the Vaults.
 21603 | D:14     | Found a broken altar of Ashenzari.
 21615 | D:14     | You fall into a shaft and drop 1 floor!
 21615 | D:15     | Entered Level 15 of the Dungeon
 21617 | D:15     | Noticed Rupert
 22269 | D:15     | Killed Rupert
 22482 | D:15     | Found a hide-covered altar of Uskayaw.
 22750 | D:15     | Found a staircase to the Depths.
 23194 | Snake:1  | Entered Level 1 of the Snake Pit
 23259 | Snake:1  | Noticed Jorgrun
 23284 | Snake:1  | Killed Jorgrun
 23290 | Snake:1  | Reached skill level 15 in Shapeshifting
 24411 | Snake:2  | Noticed Nikola
 24434 | Snake:2  | Killed Nikola
 24499 | Snake:2  | Noticed Vashnia
 24527 | Snake:2  | Reached skill level 10 in Shields
 24584 | Snake:2  | Killed Vashnia
 24671 | Snake:2  | Found Buazxos's Weapon Shoppe.
 24701 | Snake:2  | Identified the serpent talisman of Elizuabb {Slay+2 SInv}
 24701 | Snake:2  | Noticed Aizul
 24710 | Snake:2  | Reached XP level 17. HP: 136/166 MP: 14/16
 24717 | Snake:2  | Killed Aizul
 24876 | Snake:2  | Noticed Agnes
 24877 | Snake:2  | Found Usokheyc's Jewellery Boutique.
 24880 | Snake:2  | Killed Agnes
 25547 | Snake:3  | Identified the +10 trident "Nankocag" {venom, rElec}
 25784 | Snake:3  | Reached skill level 16 in Shapeshifting
 26332 | Snake:4  | Entered Level 4 of the Snake Pit
 26688 | Snake:4  | Identified the +1 orcbow of the Sky {drain, rPois Will+}
 27105 | Snake:4  | Reached skill level 5 in Throwing
 27707 | Snake:4  | Got a serpentine rune of Zot
 27906 | Shoals:1 | Entered Level 1 of the Shoals
 28036 | Shoals:1 | Reached XP level 18. HP: 179/179 MP: 17/17
 28045 | Shoals:1 | Noticed Donald
 28048 | Shoals:1 | Donald changed into Donald the anaconda
 28048 | Shoals:1 | Noticed Donald
 28052 | Shoals:1 | Killed Donald the anaconda
 28080 | Shoals:1 | Found a large runed translucent door.
 28081 | Shoals:1 | Found a large runed translucent door.
 28082 | Shoals:1 | Noticed Amaterasu's ghost (journeyman DrAl)
 28347 | Shoals:1 | Acquired 1151 gold pieces
 28504 | Shoals:1 | Killed Amaterasu's ghost
 29041 | Shoals:2 | Identified the +8 great sword of Chaos {freeze, Str+4 SInv}
 29471 | Shoals:3 | Found Rufois's Book Boutique.
 29521 | Shoals:3 | Reached skill level 10 in Throwing
 29918 | Shoals:4 | Entered Level 4 of the Shoals
 30102 | Shoals:4 | Paralysed by an air elemental for 1 turns
 30133 | Shoals:4 | Paralysed by an air elemental for 1 turns
 30272 | Shoals:4 | Paralysed by an air elemental for 1 turns
 30275 | Shoals:4 | Paralysed by an air elemental for 1 turns
 30492 | Shoals:4 | Found a blossoming altar of Fedhas.
 30895 | Shoals:4 | Identified the amulet of Riepuaf {Acrobat rC+ Dex+4}
 31031 | Shoals:4 | Got a barnacled rune of Zot
 31402 | Vaults:1 | Entered Level 1 of the Vaults
 31498 | Vaults:1 | Reached XP level 19. HP: 187/187 MP: 18/18
 32831 | Vaults:2 | Reached skill level 17 in Shapeshifting
 32951 | Vaults:2 | Reached skill level 15 in Dodging
 33038 | Vaults:2 | Found a magical portal.
 33054 | WizLab   | Entered Wucad Mu's Monastery
 33055 | WizLab   | Upgraded the game from 0.31.0-7-gf635a9b802 to
                  | 0.31.0-9-g3a7656b989
 33265 | WizLab   | Found the crystal ball of Wucad Mu {*channel}
 33550 | Vaults:2 | Identified the +6 morningstar of the Crafting Gods
                  | {protect, rN++}
 33741 | Vaults:2 | Identified the +0 leather armour of the Forest {-Tele
                  | Rampage Int+5}
 34427 | Vaults:2 | Reached XP level 20. HP: 198/198 MP: 19/19
 34429 | Vaults:2 | Reached XP level 21. HP: 206/206 MP: 20/20
 34849 | Vaults:3 | Reached skill level 18 in Shapeshifting
 34917 | Vaults:3 | Reached skill level 15 in Unarmed Combat
 35168 | Vaults:3 | Noticed Zenata
 35189 | Vaults:3 | Killed Zenata
 35292 | Vaults:3 | Found a staircase to the Crypt.
 35292 | Vaults:3 | Found a basalt altar of Yredelemnul.
 35293 | Vaults:3 | Found an ancient bone altar of Kikubaaqudgha.
 35708 | Vaults:3 | Found Jauzxumus's Distillery.
 35714 | Vaults:3 | Bought a potion of resistance for 170 gold pieces
 35714 | Vaults:3 | Bought a potion of ambrosia for 136 gold pieces
 36360 | Vaults:4 | Found Xuewn's Weapon Shoppe.
 36548 | Vaults:4 | Identified the +6 broad axe of Peula {flame, rElec Str+4
                  | Int-4}
 37601 | Lair:1   | Bought a potion of haste for 300 gold pieces
 37601 | Lair:1   | Bought a scroll of blinking for 225 gold pieces
 37602 | Lair:1   | Bought 2 potions of haste for 440 gold pieces
 37604 | Lair:1   | Bought a talisman of death for 880 gold pieces
 37616 | Lair:1   | Bought the ring of Xeum {Wiz rPois MP+9 Dex+5 SInv} for 972
                  | gold pieces
 37622 | Lair:1   | Bought a scroll of teleportation for 39 gold pieces
 37622 | Lair:1   | Bought a scroll of fog for 52 gold pieces
 37622 | Lair:1   | Bought a scroll of acquirement for 676 gold pieces
 37622 | Lair:1   | Acquired the +1 robe "Soad" {^Contam rC+ rN+ Str+10}
 37627 | Lair:1   | Bought a potion of curing for 66 gold pieces
 37627 | Lair:1   | Bought a potion of curing for 66 gold pieces
 37627 | Lair:1   | Bought a potion of ambrosia for 176 gold pieces
 37627 | Lair:1   | Bought a potion of attraction for 66 gold pieces
 37627 | Lair:1   | Bought a potion of attraction for 66 gold pieces
 37742 | Slime:1  | Entered Level 1 of the Pits of Slime
 37762 | Slime:2  | Noticed Dissolution
 37764 | Slime:2  | Killed Dissolution
 37843 | Slime:3  | Gained mutation: You occasionally lose the ability to read
                  | scrolls when taking damage. [a shining eye]
 37844 | Slime:3  | Gained mutation: Your health recovers twice as slowly from
                  | being drained. [a shining eye]
 37850 | Slime:3  | Gained mutation: You are frail. (-10% HP) [a shining eye]
 37912 | Slime:3  | Lost mutation: You occasionally lose the ability to read
                  | scrolls when taking damage. [potion of mutation]
 37912 | Slime:3  | Lost mutation: You are frail. (-10% HP) [potion of
                  | mutation]
 37912 | Slime:3  | Gained mutation: You occasionally shout uncontrollably at
                  | your foes. [potion of mutation]
 37913 | Slime:3  | Lost mutation: You occasionally shout uncontrollably at
                  | your foes. [potion of mutation]
 37913 | Slime:3  | Lost mutation: Your health recovers twice as slowly from
                  | being drained. [potion of mutation]
 37913 | Slime:3  | Gained mutation: You occasionally lose the ability to drink
                  | potions when taking damage. [potion of mutation]
 37914 | Slime:3  | Lost mutation: You occasionally lose the ability to drink
                  | potions when taking damage. [potion of mutation]
 37914 | Slime:3  | Gained mutation: You are clumsy. (Dex -2) [potion of
                  | mutation]
 37914 | Slime:3  | Gained mutation: Your flesh is cold resistant. (rC+)
                  | [potion of mutation]
 38012 | Slime:5  | Entered Level 5 of the Pits of Slime
 38019 | Slime:5  | Reached XP level 22. HP: 219/219 MP: 21/21
 38246 | Slime:5  | Found a viscous altar of Jiyva.
 38247 | Slime:5  | Found the +12 glaive of Prune {freeze, Prune}
 38253 | Slime:5  | Noticed the Royal Jelly
 38256 | Slime:5  | Fell from the grace of Gozag
 38256 | Slime:5  | Became a worshipper of Jiyva Juraggor the Shapeless
 38586 | Elf:1    | Entered Level 1 of the Elven Halls
 38692 | Elf:1    | Found Elueh's Jewellery Boutique.
 38797 | Elf:1    | Paralysed by an air elemental for 1 turns
 38974 | Elf:1    | Reached * piety under Jiyva
 39070 | Elf:1    | Found a runed translucent gate.
 39071 | Elf:1    | Found a runed translucent gate.
 39071 | Elf:1    | Found a runed translucent gate.
 39073 | Elf:1    | Noticed Amac's ghost (journeyman DsFi)
 39084 | Elf:1    | Killed Amac's ghost
 39455 | Elf:2    | Paralysed by an air elemental for 1 turns
 39484 | Elf:2    | Paralysed by an air elemental for 1 turns
 39487 | Elf:2    | Paralysed by an air elemental for 1 turns
 39591 | Elf:2    | Paralysed by an air elemental for 1 turns
 39638 | Elf:2    | Found a runed translucent gate.
 39638 | Elf:2    | Found a runed translucent gate.
 39640 | Elf:2    | Found a runed translucent gate.
 39764 | Elf:2    | Reached ** piety under Jiyva
 40559 | Elf:3    | Entered Level 3 of the Elven Halls
 40575 | Elf:3    | Reached skill level 19 in Shapeshifting
 40674 | Elf:3    | Paralysed by an air elemental for 1 turns
 40685 | Elf:3    | Paralysed by an air elemental for 1 turns
 40720 | Elf:3    | Reached *** piety under Jiyva
 40736 | Elf:3    | Gained mutation: Your melee attacks may engulf your foes in
                  | ooze. [Jiyva's grace]
 40736 | Elf:3    | Gained mutation: Your movements are slightly less
                  | encumbered by armour. (ER -2) [Jiyva's grace]
 40736 | Elf:3    | Gained mutation: Your movements are less encumbered by
                  | armour. (ER -4) [Jiyva's grace]
 40736 | Elf:3    | Gained mutation: Your movements are significantly less
                  | encumbered by armour. (ER -6) [Jiyva's grace]
 40949 | Elf:3    | Identified the amulet of the Mantidfly {Faith rElec}
 40950 | Elf:3    | Identified the ring of Bor Utem {Fire rPois Str+3 Dex-3}
 40950 | Elf:3    | Identified the amulet of the Haunted Coconut {Faith Harm
                  | Str+3}
 40975 | Elf:3    | Identified the +6 great mace of Leczoqufa {venom, rCorr
                  | Str+3 Stlth+}
 41019 | Elf:3    | Lost mutation: You are clumsy. (Dex -2) [a cacodemon]
 41020 | Elf:3    | Gained mutation: You occasionally lose the ability to drink
                  | potions when taking damage. [a cacodemon]
 41040 | Elf:3    | Identified the +1 falchion "Veok" {drain, rPois rF+}
 41071 | Elf:3    | Identified the +5 plate armour of Teppocs {^Contam rC++
                  | MP+9 SInv}
 41149 | Elf:3    | Identified the +4 helmet of the Lonely Knives {+Inv Fly}
 42233 | Depths:1 | Entered Level 1 of the Depths
 42244 | Depths:1 | Found a corrupted altar of Lugonu.
 42246 | Depths:1 | Found a one-way gate to the infinite horrors of the Abyss.
 42315 | Depths:1 | Reached XP level 23. HP: 230/230 MP: 22/22
 42691 | Depths:1 | Found a gateway to Hell.
 42709 | Depths:1 | Reached **** piety under Jiyva
 42718 | Depths:1 | Found a one-way gate leading to the halls of Pandemonium.
 42796 | Depths:1 | Found Teowor's Armour Boutique.
 42837 | Depths:1 | Found Tinn's Magic Scroll Shop.
 43002 | Depths:1 | Found Girghoim's Book Shoppe.
 43003 | Depths:1 | Found Qozuira's Jewellery Boutique.
 43005 | Depths:1 | Found Onuunano's Book Shoppe.
 43628 | Depths:2 | Reached skill level 15 in Shields
 43831 | Depths:2 | Reached ***** piety under Jiyva
 43988 | Depths:2 | Lost mutation: Your flesh is cold resistant. (rC+) [Jiyva's
                  | grace]
 43988 | Depths:2 | Lost mutation: Your movements are significantly less
                  | encumbered by armour. (ER -6) [Jiyva's grace]
 43988 | Depths:2 | Gained mutation: Armour fits poorly on your pseudopods.
                  | [Jiyva's grace]
 43988 | Depths:2 | Gained mutation: Armour fits poorly on your large
                  | pseudopods. [Jiyva's grace]
 43988 | Depths:2 | Gained mutation: Armour fits poorly on your massive
                  | pseudopods. [Jiyva's grace]
 43988 | Depths:2 | Gained mutation: Your flesh is cold resistant. (rC+)
                  | [Jiyva's grace]
 44303 | Depths:3 | Reached skill level 15 in Throwing
 45482 | Depths:4 | Entered Level 4 of the Depths
 45635 | Depths:4 | Found a gate to the Realm of Zot.
 45710 | Depths:4 | Found a bloodstained altar of Trog.
 45752 | Depths:4 | Identified the +12 great sword of Integrity {vamp, Fly rN+}
 45786 | Depths:4 | Lost mutation: You occasionally lose the ability to drink
                  | potions when taking damage. [Jiyva's grace]
 45786 | Depths:4 | Gained mutation: You passively map a small area around you.
                  | [Jiyva's grace]
 45786 | Depths:4 | Gained mutation: You passively map the area around you.
                  | [Jiyva's grace]
 45786 | Depths:4 | Gained mutation: You passively map a large area around you.
                  | [Jiyva's grace]
 45786 | Depths:4 | Gained mutation: Your flesh is very cold resistant. (rC++)
                  | [Jiyva's grace]
 45787 | Depths:4 | Noticed an ancient lich
 45788 | Depths:4 | Found a one-way gateway to a ziggurat.
 45912 | Depths:4 | Reached ****** piety under Jiyva
 46184 | Depths:4 | Reached XP level 24. HP: 243/243 MP: 22/22
 46585 | Crypt:1  | Entered Level 1 of the Crypt
 46615 | Crypt:1  | Identified the ring "Tetwir" {Ice Dex+7}
 46615 | Crypt:1  | Noticed Josephina
 46627 | Crypt:1  | Killed Josephina
 46630 | Crypt:1  | Was forgiven by Gozag
 46757 | Crypt:1  | Paralysed by a vampire knight for 4 turns
 46768 | Crypt:1  | Reached skill level 20 in Shapeshifting
 46878 | Crypt:1  | Identified the scarf "Haofet" {rC+ rF+, rCorr Str+3}
 46893 | Crypt:1  | Reached skill level 15 in Fighting
 47096 | Crypt:1  | Identified the +10 plate armour of Cloud Cover {Int+3}
 47126 | Crypt:1  | Found a basalt altar of Yredelemnul.
 47694 | Crypt:2  | Got the Discursus on Flaming Nephomancy
 47979 | Crypt:3  | Entered Level 3 of the Crypt
 48097 | Crypt:3  | Found a basalt altar of Yredelemnul.
 48176 | Crypt:3  | Lost mutation: Your flesh is very cold resistant. (rC++)
                  | [Jiyva's grace]
 48176 | Crypt:3  | Lost mutation: Armour fits poorly on your massive
                  | pseudopods. [Jiyva's grace]
 48176 | Crypt:3  | Gained mutation: You have a pair of small horns on your
                  | head. [Jiyva's grace]
 48176 | Crypt:3  | Gained mutation: You have a pair of horns on your head.
                  | [Jiyva's grace]
 48176 | Crypt:3  | Gained mutation: You have a pair of large horns on your
                  | head. [Jiyva's grace]
 48176 | Crypt:3  | Gained mutation: You are agile. (Dex +4, Str/Int -1)
                  | [Jiyva's grace]
 48331 | Crypt:3  | Identified the +8 dagger "Ycrouv" {venom, rPois}
 48480 | Crypt:3  | Found a staircase to the Tomb.
 48480 | Crypt:3  | Noticed Jory
 48495 | Crypt:3  | Killed Jory
 48606 | Crypt:3  | Found the +7 sceptre of Torment {pain, torment}
 49271 | Slime:5  | Identified the +1 dagger "Teroxy" {elec, rN+ Dex+8}
 49273 | Slime:5  | Identified the +4 gold dragon scales of the Spheres {rElec
                  | rPois rF+ rC+ Will+}
 49289 | Slime:5  | Got Viudang's Folio of Feathers and Violence
 49298 | Slime:5  | Got a slimy rune of Zot
 49299 | Slime:5  | Identified the ring of Maawn {Ice rN+}
 49301 | Slime:5  | Identified the ring "Osti" {rN+ Str+3}
 49324 | Slime:5  | Got Sif Muna's Folio of the Dragon and the Xenolith
 49325 | Slime:5  | Identified the +6 quarterstaff "Kirphiumo" {freeze, Fly
                  | rPois rN++ Int-5}
 49332 | Slime:5  | Identified the +9 mace "Cakh" {holy, ^Drain ^Fragile rPois
                  | rC+++}
 49837 | Depths:1 | Bought the ring of Otoinykol {rElec rN+ rCorr Stlth+} for
                  | 678 gold pieces
 50411 | Depths:1 | Voluntarily entered the Abyss.
 50834 | Abyss:3  | Found a corrupted altar of Lugonu.
 50852 | Abyss:3  | Reached XP level 25. HP: 253/253 MP: 22/22
 50879 | Abyss:3  | Paralysed by accursed screaming for 1 turns
 50889 | Abyss:3  | Found a corrupted altar of Lugonu.
 50909 | Abyss:3  | Found a corrupted altar of Lugonu.
 51069 | Abyss:3  | Lost mutation: You have a pair of large horns on your head.
                  | [Jiyva's grace]
 51069 | Abyss:3  | Lost mutation: Your flesh is cold resistant. (rC+) [Jiyva's
                  | grace]
 51069 | Abyss:3  | Lost mutation: You passively map a large area around you.
                  | [Jiyva's grace]
 51069 | Abyss:3  | Lost mutation: You passively map the area around you.
                  | [Jiyva's grace]
 51069 | Abyss:3  | Gained mutation: You are covered in slimy tendrils that may
                  | disarm your opponents. [Jiyva's grace]
 51069 | Abyss:3  | Gained mutation: Your body has grown eyes which may confuse
                  | attackers. (Acc +3) [Jiyva's grace]
 51069 | Abyss:3  | Gained mutation: Your body has grown many eyes which may
                  | confuse attackers. (Acc +5) [Jiyva's grace]
 51069 | Abyss:3  | Gained mutation: Your body is covered in eyes which may
                  | confuse attackers. (Acc +7, SInv) [Jiyva's grace]
 51133 | Abyss:3  | Gained mutation: Armour fits poorly on your strangely
                  | shaped body. [a neqoxec]
 51206 | Abyss:3  | Paralysed by accursed screaming for 1 turns
 52182 | Abyss:4  | Lost mutation: You have a pair of horns on your head.
                  | [Jiyva's grace]
 52182 | Abyss:4  | Lost mutation: Armour fits poorly on your strangely shaped
                  | body. [Jiyva's grace]
 52182 | Abyss:4  | Lost mutation: Armour fits poorly on your large pseudopods.
                  | [Jiyva's grace]
 52182 | Abyss:4  | Lost mutation: Your melee attacks may engulf your foes in
                  | ooze. [Jiyva's grace]
 52182 | Abyss:4  | Gained mutation: You are partially covered in iridescent
                  | scales. (AC +2) [Jiyva's grace]
 52182 | Abyss:4  | Gained mutation: You are mostly covered in iridescent
                  | scales. (AC +4) [Jiyva's grace]
 52182 | Abyss:4  | Gained mutation: You are completely covered in iridescent
                  | scales. (AC +6) [Jiyva's grace]
 52182 | Abyss:4  | Gained mutation: You expend magic power (3 MP) to
                  | strengthen your wands. [Jiyva's grace]
 52283 | Abyss:4  | Found a corrupted altar of Lugonu.
 52368 | Abyss:4  | Paralysed by accursed screaming for 2 turns
 52381 | Abyss:4  | Paralysed by accursed screaming for 2 turns
 52427 | Abyss:4  | Reached skill level 21 in Shapeshifting
 52471 | Abyss:4  | Paralysed by accursed screaming for 1 turns
 52536 | Abyss:4  | Reached XP level 26. HP: 266/266 MP: 22/22
 52553 | Abyss:4  | Gained mutation: You sometimes lose your temper in combat.
                  | [a neqoxec]
 52579 | Abyss:4  | Got an abyssal rune of Zot
 52650 | Abyss:4  | Found a corrupted altar of Lugonu.
 52815 | Abyss:4  | Gained mutation: You are weak. (Str -2) [a neqoxec]
 52844 | Abyss:4  | Lost mutation: You are weak. (Str -2) [potion of mutation]
 52844 | Abyss:4  | Lost mutation: You are covered in slimy tendrils that may
                  | disarm your opponents. [potion of mutation]
 52878 | Abyss:4  | Paralysed by accursed screaming for 2 turns
 52887 | Abyss:4  | Paralysed by accursed screaming for 2 turns
 52895 | Abyss:4  | Paralysed by accursed screaming for 2 turns
 52900 | Abyss:4  | Paralysed by accursed screaming for 1 turns
 52907 | Abyss:4  | Paralysed by accursed screaming for 1 turns
 52925 | Abyss:4  | Paralysed by accursed screaming for 1 turns
 52943 | Abyss:4  | Lost mutation: Armour fits poorly on your pseudopods. [a
                  | neqoxec]
 52958 | Abyss:4  | Found a corrupted altar of Lugonu.
 53004 | Abyss:4  | Gained mutation: You are vulnerable to cold. (rC-) [a
                  | neqoxec]
 53100 | Depths:1 | Escaped the Abyss
 53165 | Hell     | Entered the Vestibule of Hell
 53165 | Hell     | Noticed Geryon
 53184 | Hell     | Noticed Murray
 53287 | Depths:2 | Killed Murray
 53376 | Hell     | Killed Geryon
 53430 | Hell     | Found a gateway to the decaying netherworld of Tartarus.
 53474 | Hell     | Found a gateway to the ashen valley of Gehenna.
 53562 | Hell     | Found a gateway to the freezing wastes of Cocytus.
 53589 | Hell     | Lost mutation: You are vulnerable to cold. (rC-) [potion of
                  | mutation]
 53589 | Hell     | Lost mutation: You are agile. (Dex +4, Str/Int -1) [potion
                  | of mutation]
 53589 | Hell     | Gained mutation: You are weak. (Str -2) [potion of
                  | mutation]
 53590 | Hell     | Lost mutation: You sometimes lose your temper in combat.
                  | [potion of mutation]
 53590 | Hell     | Lost mutation: You have a pair of small horns on your head.
                  | [potion of mutation]
 53590 | Hell     | Lost mutation: You passively map a small area around you.
                  | [potion of mutation]
 53590 | Hell     | Lost mutation: Your body is covered in eyes which may
                  | confuse attackers. (Acc +7, SInv) [potion of mutation]
 53590 | Hell     | Gained mutation: Your spells are a little harder to cast,
                  | but a little more powerful. [potion of mutation]
 53704 | Hell     | Found a gateway to the Iron City of Dis.
 54065 | Vaults:5 | Entered Level 5 of the Vaults
 54209 | Vaults:5 | Found the +5 robe of Night {Dark Will+ SInv}
 54242 | Vaults:5 | Identified the ring of Poeqej {*Corrode rF+ Will++ Int+5}
 54306 | Vaults:5 | Lost mutation: You are weak. (Str -2) [Jiyva's grace]
 54306 | Vaults:5 | Lost mutation: Your spells are a little harder to cast, but
                  | a little more powerful. [Jiyva's grace]
 54306 | Vaults:5 | Lost mutation: Your body has grown many eyes which may
                  | confuse attackers. (Acc +5) [Jiyva's grace]
 54306 | Vaults:5 | Lost mutation: Your body has grown eyes which may confuse
                  | attackers. (Acc +3) [Jiyva's grace]
 54306 | Vaults:5 | Gained mutation: You have sharp toenails. [Jiyva's grace]
 54306 | Vaults:5 | Gained mutation: You have razor-sharp toenails. [Jiyva's
                  | grace]
 54306 | Vaults:5 | Gained mutation: You have claws for feet. [Jiyva's grace]
 54306 | Vaults:5 | Gained mutation: You are resistant to electric shocks.
                  | (rElec) [Jiyva's grace]
 54330 | Vaults:5 | Noticed a dread lich
 54341 | Vaults:5 | Killed a dread lich
 54425 | Vaults:5 | Identified the +0 swamp dragon scales "Usesiat" {-Tele Fly
                  | rElec rPois rC+}
 54436 | Vaults:5 | Reached XP level 27. HP: 278/278 MP: 22/22
 54437 | Vaults:5 | Identified the +1 leather armour "Nuboc" {+Blink rN+ Dex+2
                  | Stlth+}
 54710 | Vaults:5 | Got a silver rune of Zot
 55787 | Depths:1 | Bought a scroll of identify for 48 gold pieces
 55855 | Pan      | Entered Pandemonium
 55855 | Pan      | Noticed Doorr the pandemonium lord
 55902 | Pan      | Killed Doorr the pandemonium lord
 55903 | Pan      | Reached skill level 1 in Armour
 56800 | Pan      | Identified the +2 quarterstaff "Zekhyr" {antimagic, rPois
                  | Str-2 Int-5 Stlth+}
 56939 | Pan      | Reached skill level 22 in Shapeshifting
 57056 | Pan      | Noticed Rit Reor the pandemonium lord
 57066 | Pan      | Killed Rit Reor the pandemonium lord
 57107 | Pan      | Reached skill level 5 in Armour
 57136 | Pan      | Got a demonic rune of Zot
 57154 | Pan      | Lost mutation: You have claws for feet. [Jiyva's grace]
 57154 | Pan      | Lost mutation: Your movements are less encumbered by
                  | armour. (ER -4) [Jiyva's grace]
 57154 | Pan      | Gained mutation: Your system is resistant to poisons.
                  | (rPois) [Jiyva's grace]
 57154 | Pan      | Gained mutation: You are somewhat resistant to further
                  | mutation. [Jiyva's grace]
 57154 | Pan      | Gained mutation: You are somewhat resistant to both further
                  | mutation and mutation removal. [Jiyva's grace]
 57154 | Pan      | Gained mutation: You are almost entirely resistant to
                  | further mutation and mutation removal. [Jiyva's grace]
 57376 | Pan      | Identified the +2 scale mail of the Vacuum {rElec Dex+2}
 57463 | Pan      | Noticed Zinwiocih the pandemonium lord
 57516 | Pan      | Killed Zinwiocih the pandemonium lord
 57976 | Pan      | Found an exit through the horrors of the Abyss.
 58058 | Pan      | Lost mutation: You have razor-sharp toenails. [Jiyva's
                  | grace]
 58058 | Pan      | Lost mutation: You are completely covered in iridescent
                  | scales. (AC +6) [Jiyva's grace]
 58058 | Pan      | Lost mutation: You expend magic power (3 MP) to strengthen
                  | your wands. [Jiyva's grace]
 58058 | Pan      | Gained mutation: You have a small jelly attached to you
                  | that may absorb projectiles. [Jiyva's grace]
 58058 | Pan      | Gained mutation: You have razor-sharp toenails. [Jiyva's
                  | grace]
 58058 | Pan      | Gained mutation: You have claws for feet. [Jiyva's grace]
 58058 | Pan      | Lost mutation: You have claws for feet. [Jiyva's grace]
 58058 | Pan      | Lost mutation: You have razor-sharp toenails. [Jiyva's
                  | grace]
 58058 | Pan      | Lost mutation: You have sharp toenails. [Jiyva's grace]
 58058 | Pan      | Gained mutation: You have large cloven feet. [Jiyva's
                  | grace]
 58093 | Pan      | Noticed Avoqa the pandemonium lord
 58095 | Pan      | Killed Avoqa the pandemonium lord
 58437 | Pan      | Noticed Ymmazut the pandemonium lord
 58450 | Pan      | Killed Ymmazut the pandemonium lord
 59031 | Pan      | Lost mutation: You are mostly covered in iridescent scales.
                  | (AC +4) [Jiyva's grace]
 59031 | Pan      | Lost mutation: You are almost entirely resistant to further
                  | mutation and mutation removal. [Jiyva's grace]
 59031 | Pan      | Lost mutation: You are resistant to electric shocks.
                  | (rElec) [Jiyva's grace]
 59031 | Pan      | Lost mutation: You have a small jelly attached to you that
                  | may absorb projectiles. [Jiyva's grace]
 59031 | Pan      | Lost mutation: Your movements are slightly less encumbered
                  | by armour. (ER -2) [Jiyva's grace]
 59031 | Pan      | Gained mutation: You are covered in slimy tendrils that may
                  | disarm your opponents. [Jiyva's grace]
 59031 | Pan      | Gained mutation: You have a pair of small horns on your
                  | head. [Jiyva's grace]
 59031 | Pan      | Gained mutation: You have a pair of horns on your head.
                  | [Jiyva's grace]
 59031 | Pan      | Gained mutation: You have a pair of large horns on your
                  | head. [Jiyva's grace]
 59090 | Pan      | Entered the realm of Cerebov.
 59126 | Pan      | Noticed Mennas
 59135 | Pan      | Killed Mennas
 59171 | Pan      | Reached skill level 10 in Armour
 59333 | Pan      | Identified the +0 halberd "Kocimp" {flame, *Noise rN++
                  | rCorr Str+3}
 59335 | Pan      | Identified the +9 dagger "Viva" {heavy, Dex+5 Stlth+}
 59365 | Pan      | Identified the +12 war axe of Res Nullius {freeze, rCorr
                  | Int+4}
 59384 | Pan      | Found the +6 sword of Cerebov {flame}
 59384 | Pan      | Noticed Cerebov
 59404 | Pan      | Killed Cerebov
 59405 | Pan      | Reached skill level 23 in Shapeshifting
 59425 | Pan      | Got a fiery rune of Zot
 59608 | Pan      | Noticed Etzaiqan the pandemonium lord
 59614 | Pan      | Killed Etzaiqan the pandemonium lord
 59646 | Pan      | Gained mutation: You occasionally lose the ability to read
                  | scrolls when taking damage. [a neqoxec]
 59681 | Pan      | Entered the realm of Mnoleg.
 59869 | Pan      | Noticed Mnoleg
 60001 | Pan      | Killed Mnoleg
 60020 | Pan      | Got a glowing rune of Zot
 60335 | Pan      | Noticed Yhus the pandemonium lord
 60349 | Pan      | Killed Yhus the pandemonium lord
 60451 | Pan      | Lost mutation: You are partially covered in iridescent
                  | scales. (AC +2) [Jiyva's grace]
 60451 | Pan      | Lost mutation: Your system is resistant to poisons. (rPois)
                  | [Jiyva's grace]
 60451 | Pan      | Gained mutation: You have hoof-like feet. [Jiyva's grace]
 60451 | Pan      | Gained mutation: You have hooves in place of feet. [Jiyva's
                  | grace]
 60451 | Pan      | Gained mutation: You are partially covered in iridescent
                  | scales. (AC +2) [Jiyva's grace]
 60451 | Pan      | Gained mutation: You are mostly covered in iridescent
                  | scales. (AC +4) [Jiyva's grace]
 60453 | Pan      | Lost mutation: You are mostly covered in iridescent scales.
                  | (AC +4) [potion of mutation]
 60584 | Pan      | Found an exit through the horrors of the Abyss.
 60606 | Pan      | Noticed Enlemust the pandemonium lord
 60612 | Pan      | Killed Enlemust the pandemonium lord
 60645 | Pan      | Lost mutation: You are somewhat resistant to both further
                  | mutation and mutation removal. [potion of mutation]
 60645 | Pan      | Lost mutation: You are covered in slimy tendrils that may
                  | disarm your opponents. [potion of mutation]
 60645 | Pan      | Lost mutation: You have a pair of large horns on your head.
                  | [potion of mutation]
 60651 | Pan      | Lost mutation: You have hooves in place of feet. [potion of
                  | mutation]
 60651 | Pan      | Lost mutation: You have hoof-like feet. [potion of
                  | mutation]
 60652 | Pan      | Lost mutation: You are partially covered in iridescent
                  | scales. (AC +2) [potion of mutation]
 60652 | Pan      | Lost mutation: You occasionally lose the ability to read
                  | scrolls when taking damage. [potion of mutation]
 60656 | Pan      | Entered the realm of Lom Lobon.
 60656 | Pan      | Noticed Lom Lobon
 60677 | Pan      | Killed Lom Lobon
 60701 | Pan      | Got a magical rune of Zot
 61174 | Pan      | Reached skill level 15 in Armour
 61308 | Pan      | Found an exit through the horrors of the Abyss.
 61508 | Pan      | Identified the +0 cloak "Ywno Macziff" {Regen+}
 61556 | Pan      | Found an opulent altar of Gozag.
 61609 | Pan      | Found Nyxtegg's Superb Hardware.
 61618 | Pan      | Found an opulent altar of Gozag.
 61631 | Pan      | Noticed Wecsyby the pandemonium lord
 61640 | Pan      | Killed Wecsyby the pandemonium lord
 61664 | Pan      | Found Nyxtegg's Quality Elixirs.
 61673 | Pan      | Found an opulent altar of Gozag.
 61693 | Pan      | Bought 2 potions of resistance for 380 gold pieces
 61693 | Pan      | Bought a potion of mutation for 152 gold pieces
 61693 | Pan      | Bought a potion of haste for 190 gold pieces
 61693 | Pan      | Bought a potion of heal wounds for 95 gold pieces
 61693 | Pan      | Bought a potion of resistance for 190 gold pieces
 61693 | Pan      | Bought a potion of haste for 190 gold pieces
 61696 | Pan      | Found Nyxtegg's Fine Accessories.
 61706 | Pan      | Found Nyxtegg's Rarities Warehouse.
 61730 | Depths:1 | Escaped Pandemonium
 61734 | Pan      | Entered Pandemonium
 61781 | Pan      | Lost mutation: You have large cloven feet. [Jiyva's grace]
 61781 | Pan      | Lost mutation: You have a pair of horns on your head.
                  | [Jiyva's grace]
 61781 | Pan      | Gained mutation: You have acidic saliva. [Jiyva's grace]
 61781 | Pan      | Gained mutation: You have a somewhat thin skeletal
                  | structure. (Dex +2, Stealth+) [Jiyva's grace]
 61781 | Pan      | Gained mutation: You have a moderately thin skeletal
                  | structure. (Dex +4, Stealth++) [Jiyva's grace]
 61781 | Pan      | Gained mutation: You have an unnaturally thin skeletal
                  | structure. (Dex +6, Stealth+++) [Jiyva's grace]
 61803 | Pan      | Gained mutation: You are occasionally teleported next to
                  | monsters. [a cacodemon]
 61839 | Pan      | Noticed Afrin the pandemonium lord
 61850 | Pan      | Killed Afrin the pandemonium lord
 62016 | Pan      | Found an exit through the horrors of the Abyss.
 62144 | Pan      | Found an exit through the horrors of the Abyss.
 62175 | Pan      | Noticed Kepierr the pandemonium lord
 62184 | Pan      | Blown up by Kepierr the pandemonium lord

Illustrated notes

Levels and vault maps discovered:
D:1:      nicolae_arrival_somewhat_less_tricky_arrival, layout_basic,
          serial_bayou_lake_a
D:2:      wander_river, layout_rooms
D:3:      layout_basic, uniq_terence
D:4:      layout_cave_pools, mainiacjoe_sewer_entry_somewhere_in_here_2,
          st_stairs_10, uniq_natasha, uniq_pikel
D:5:      layout_basic, mainiacjoe_overflow_catwalk, temple_hall_moat,
          serial_shops, nicolae_lakefront_shop, minivault_11, serial_park_tiny_2
D:6:      layout_basic, minmay_nine_imps
D:7:      layout_layer_cave, mainiacjoe_ossuary_entry_dusty_tomb,
          enter_bailey_5, serial_bayou_pond_a, minmay_mini_ossuary,
          uniq_prince_ribbit1
D:8:      layout_loops_ring, lair_entry_dummy, serial_shops, nicolae_shop_trees,
          biasface_ghost_orc_armoury, chequers_big_river,
          nicolae_elevator_lobby_asterisk
D:9:      layout_roguey, mainiacjoe_overflow_swirl, minmay_gold_behind_fungi,
          uniq_maggie, uniq_erolcha
D:10:     layout_gridville, amcnicky_altar_gilded, mainiacjoe_overflow_24_doors,
          bh_hangedman_babel_library
D:11:     layout_stronghold, zombieorc1_lemuel
D:12:     layout_roguey, lemuel_nasty_fountain
D:13:     layout_small_grid, david_vaults_4
D:14:     layout_irregular_city, ashenzari_altar_1
D:15:     grunt_enter_depths_magical_seal, layout_rooms,
          nicolae_uskayaw_en_pointe, uniq_rupert
Temple:   sentei_temple_godly_chess
Lair:1:   layout_cave_pods, gauntlet_entry_generic, grunt_megastairs_3
Lair:2:   layout_gridlike, grunt_megastairs_4
Lair:3:   layout_regular_city, shoals_dummy_entry,
          minmay_snake_entry_guardpost_small, guppyfry_lair_drakes
Lair:4:   layout_regular_city
Lair:5:   hangedman_lair_tendril_chambers, layout_small_grid,
          minmay_slime_entry_pillars, enter_volcano_2,
          dreamdust_mushroom_princess, chequers_serial_rivers_small_3
Shoals:1: layout_shoals, ebering_ghost_disaster_area, uniq_donald
Shoals:2: layout_shoals
Shoals:3: layout_shoals, serial_shops, shop
Shoals:4: shoals_end_hellmonk_storm_palace [storm_palace_center_circular,
          storm_palace_corner_altar, storm_palace_corner_reverse_hut,
          storm_palace_corner_blocked, storm_palace_corner_reverse_hut]
Snake:1:  layout_basic, grunt_megastairs_2, uniq_jorgrun
Snake:2:  layout_cave_shapes, serial_shops, shop, shop, uniq_aizul, uniq_agnes,
          uniq_vashnia, uniq_nikola
Snake:3:  layout_cave_town, serial_bayou_pond_c, nicolae_letterblocks
          [nicolae_letter_subblock, nicolae_letter_subblock,
          nicolae_letter_subblock, nicolae_letter_subblock,
          nicolae_letter_subblock, nicolae_letter_subblock,
          nicolae_letter_subblock, nicolae_letter_subblock,
          nicolae_letter_subblock, nicolae_letter_subblock,
          nicolae_letter_subblock, nicolae_letter_subblock,
          nicolae_letter_subblock, nicolae_letter_subblock,
          nicolae_letter_subblock, nicolae_letter_subblock,
          nicolae_letter_subblock, nicolae_letter_subblock,
          nicolae_letter_subblock, nicolae_letter_subblock,
          nicolae_letter_subblock, nicolae_letter_subblock,
          nicolae_letter_subblock, nicolae_letter_subblock,
          nicolae_letter_subblock], lemuel_fruit_tree
Snake:4:  snake_pit, layout_grid_maze
Slime:1:  layout_caves, cheibrodos_slime_lost_civilization_7
Slime:2:  layout_caves, dissolution_awaits
Slime:3:  layout_caves, nicolae_slime_getting_an_eyeful, uniq_dissolution
Slime:4:  layout_caves, nicolae_slime_crime_time
Slime:5:  slime_pit_nicolae_amoeboid
Orc:1:    layout_diamond_mine, special_room [special_room_orc],
          kennysheep_orc_chapel
Orc:2:    st_orc_elflike, layout_caves, basic_altar, serial_shops,
          nicolae_diamond_shop, minmay_shop_mass
Elf:1:    layout_loops_cross, ebering_ghost_rock_garden,
          serial_co_window_serial, co_window_paths_a, co_window_paths_a,
          co_window_paths_a, co_window_corner_a, co_window_of_opportunity_a,
          co_window_paths_a, co_window_paths_a, co_window_broadway_a,
          co_window_corner_b, co_window_unsneaky_path_b, glass_columns_a,
          serial_shops, nicolae_shop_window_shopping
Elf:2:    nicolae_elf_blades_splatter_lattice
          [nicolae_blade_entry_floor_patterns], layout_geoelf_octagon
Elf:3:    elf_hall, layout_rooms, drop_trap
Vaults:1: nicolae_vaults_border_crossing, nicolae_vaults_three_branches,
          nicolae_vaults_big_angled_halls, vaults_room_semicircle,
          nicolae_vaults_apartment_2, nicolae_vaults_network_square,
          nicolae_vaults_house_3, ontoclasm_vaults_gateway,
          nicolae_vaults_tangram_1, layout_vaults_quadrants
Vaults:2: infiniplex_enter_wizlab_glasses, nicolae_vaults_security_offices_5,
          nicolae_vaults_closet_pinwheel_6, ontoclasm_vaults_spin,
          nicolae_vaults_spaceships, nicolae_vaults_trapezoid_2,
          nicolae_vaults_turnstiles, nicolae_vaults_offset_grid_hallway_3,
          hangedman_vaults_corner, nicolae_vaults_surprise_closet,
          vaults_room_semicircle, v_misc_15, nicolae_vaults_tetromino_L_2,
          nicolae_vaults_little_squares_2, layout_vaults_ring
Vaults:3: nicolae_vaults_offset_grid_hallway_3, nicolae_vaults_double_plus_1,
          kb_rosetta, hangedman_vaults_pinch, vaults_dpeg_doors, v_misc_33,
          grunt_vaults_diagonal, minmay_crypt_entry_necro_gods,
          nicolae_vaults_wine_cellar, v_misc_24, ontoclasm_vaults_idyll,
          v_alt_pattern_5, nicolae_vaults_little_squares_4,
          nicolae_vaults_trapezoid_3, vaults_room_pools, layout_vaults_maze,
          serial_shops, nicolae_shop_industrial_runoff, uniq_zenata
Vaults:4: nicolae_vaults_know_your_exits, v_misc_13,
          nicolae_vaults_little_squares_6, nicolae_vaults_sealed_display,
          nicolae_vaults_what_the_h, nicolae_vaults_network_star,
          nicolae_vaults_trapezoid_lopsided_3, nicolae_vaults_six-pack,
          ontoclasm_vaults_loading_screen, hangedman_vaults_capsules, v_misc_27,
          nicolae_vaults_rhombus_6, layout_vaults_chaotic_city, serial_shops,
          nicolae_shop_bloodbath_and_beyond
Vaults:5
Crypt:1:  lemuel_vampire_tower, layout_misc_corridors, uniq_josephina
Crypt:2:  layout_rooms
Crypt:3:  grunt_crypt_end_deaths_head
Depths:1: layout_gridlike, corexii_leaking_fountain, abyss_entry_flame_altar,
          rand_demon_pan_entry_1, hell_entry, serial_shops,
          nicolae_shop_gibbet_a_chance, shop, drop_trap, lemuel_statue_altar,
          minmay_alternating_orb, minmay_shop_grove
Depths:2: grunt_double_whammy, layout_basic, hangedman_decor_riveting,
          hell_entry, grunt_pan_entry_spiral
Depths:3: dreamdust_experimentation, layout_gridlike, hell_entry, abyss_entry,
          nicolae_hexahallways, patterned_corridor
Depths:4: grunt_crosshair, layout_gridlike, enter_ziggurat_c, hell_entry,
          trog_three_pillars_becter, abyss_entry
Hell
Pan:      evilmike_mini_pan_possible_glass, layout_onion_city,
          reaverb_pan_squares, grunt_pan_frozen_over, layout_pan_divisions_a
          [pan_division_quadrant_a4, pan_division_quadrant_a4,
          pan_division_quadrant_a6, pan_division_quadrant_a3,
          pan_division_octagon_divided], rand_demon_6, layout_grid_shapes,
          nicolae_pan_sigil_uleosi, nicolae_pan_gloorx_vloqian_3, pan_surprise,
          gammafunk_dig_for_victory, layout_basic, nicolae_pan_sigil_itan,
          evilmike_mini_pan_diamond, layout_gridville, evilmike_mini_pan_3x3,
          layout_gridville, rand_demon_6, layout_grid_shapes,
          nicolae_pan_gloorx_vloqian_1, nicolae_pan_giant_door,
          layout_small_grid, nicolae_pan_sigil_itan,
          cerebov_grunt_fire_and_steel, layout_chambers, uniq_mennas_pan,
          evilmike_mini_pan_corridor, layout_chambers,
          evilmike_mini_pan_possible_glass, layout_basic, pan_blood_fountain,
          mnoleg, layout_pan_divisions_a [pan_division_quadrant_a4,
          pan_division_quadrant_a6, pan_division_quadrant_a3,
          pan_division_quadrant_a1, pan_division_octagon_halves],
          evilmike_mini_pan_diamond, layout_onion_city, grunt_pan_in_and_out,
          layout_gridville, pan_blood_fountain_small, nicolae_pan_lom_lobonic_4,
          lom_lobon_grunt, layout_gridlike, rand_demon_8, layout_irregular_city,
          evilmike_mini_pan_doors_b, layout_gridlike, nicolae_pan_bazaar_rune,
          layout_small_grid, pan_blood_fountain_2, rand_demon_6,
          layout_gridville, pan_blood_fountain, nicolae_pan_lom_lobonic_4,
          evilmike_mini_pan_doors, layout_basic, pan_blood_fountain_small

Skill      XL: |  1  2  3  4  5  6  7  8  9 10 11 12 13 14 15 16 17 18 19 20 21 22 23 24 25 26 27 |
---------------+----------------------------------------------------------------------------------+-----
Fighting       | 1 2 3 4 5 6 7 8 9 10 11 12 13 14 15 16 17 20 | 20.6
Shapeshifting  | 4 5 7 8 9 10 11 12 14 15 16 17 18 19 20 21 23 | 23.0
Unarmed Combat | 4 5 6 7 8 9 10 11 12 13 14 15 16 17 18 19 21 | 21.0
Dodging        | 2 4 5 6 7 9 10 12 14 15 17 18 19 20 | 20.1
Evocations     | 2 7 8 9 10 | 10.0
Throwing       | 1 2 3 7 10 12 13 14 15 17 18 19 21 | 21.0
Shields        | 5 10 12 13 14 15 | 15.0
Armour         | 16 | 16.9

Action                     |  1- 3 |  4- 6 |  7- 9 | 10-12 | 13-15 | 16-18 | 19-21 | 22-24 | 25-27 || total
---------------------------+-------+-------+-------+-------+-------+-------+-------+-------+-------++-------
  Melee: Unarmed           |    77 |   138 |   413 |   510 |   900 |  1051 |   938 |  1622 |  2661 ||  8310
         Punch             |       |     2 |       |    12 |    49 |       |       |       |       ||    63
         Pseudopods        |       |       |       |       |       |       |       |   235 |   141 ||   376
         Headbutt          |       |       |       |       |       |       |       |    47 |   412 ||   459
         Kick              |       |       |       |       |       |       |       |       |   553 ||   553
         Bite              |       |       |       |       |       |       |       |       |    10 ||    10
  Throw: Stone             |     4 |     4 |       |       |       |       |       |       |       ||     8
         Dart              |       |     5 |     1 |       |       |     5 |     4 |     2 |       ||    17
         Large rock        |       |       |       |       |     1 |     4 |     6 |       |    24 ||    35
         Javelin           |       |       |       |       |       |       |       |       |     2 ||     2
 Invoke: Call Merchant     |       |       |       |       |     2 |       |     5 |       |       ||     7
Ability: Evoke Blink       |       |       |       |       |       |       |       |       |     2 ||     2
  Evoke: Wand              |       |       |     2 |    19 |    16 |    11 |     3 |     4 |       ||    55
         Box of beasts     |       |       |       |       |     3 |     3 |     1 |     1 |     2 ||    10
         Phial of floods   |       |       |       |       |     2 |     3 |     1 |     1 |       ||     7
         Condenser vane    |       |       |       |       |       |     3 |     2 |     3 |     5 ||    13
         Lightning rod     |       |       |       |       |       |     6 |     4 |     7 |     6 ||    23
         Phantom mirror    |       |       |       |       |       |       |     1 |       |     5 ||     6
    Use: Potion            |       |     3 |     1 |    12 |     4 |     2 |     6 |       |    18 ||    46
         Scroll            |       |     4 |     7 |     7 |    14 |    13 |     3 |     3 |     9 ||    60
   Stab: Sleeping          |       |     1 |     1 |       |     5 |    17 |    11 |     3 |     9 ||    47
         Distracted        |       |       |     4 |     4 |     3 |    13 |     7 |     3 |     4 ||    38
         Petrified         |       |       |       |       |     3 |       |       |       |     1 ||     4
         Confused          |       |       |       |       |       |       |       |       |    40 ||    40
 Armour: Animal skin       |    47 |    76 |    10 |       |       |       |       |       |       ||   133
         Skin              |       |    20 |   169 |   133 |    90 |   801 |   914 |  1255 |  2083 ||  5465
         Robe              |       |       |       |   119 |   413 |     4 |       |       |       ||   536
         Gold dragon scale |       |       |       |       |       |       |       |       |     3 ||     3
  Dodge: Dodged            |    44 |    43 |   292 |   265 |   432 |   434 |   554 |   797 |  2467 ||  5328
  Block: Other             |       |       |       |       |    90 |       |       |       |       ||    90
         Kite shield       |       |       |       |       |   177 |  1558 |  1350 |  2042 |  3139 ||  8266
         Reflection        |       |       |       |       |    17 |   166 |    76 |    53 |       ||   312
   Form: Flux              |       |       |     2 |       |       |       |       |       |       ||     2
         Maw               |       |       |     1 |       |       |       |       |       |       ||     1
         Blade             |       |       |       |     1 |       |       |       |       |       ||     1
         Statue            |       |       |       |       |     1 |     1 |       |     2 |     2 ||     6
                           |       |       |       |       |       |     1 |       |       |       ||     1
         Death             |       |       |       |       |       |       |       |     2 |     2 ||     4
